 Dungeon Crawl Stone Soup version 0.19.4-9-g45fd643 (webtiles) character file.

15254 galech the Grappler (level 11, -1/110 HPs)
             Began as a Troll Monk on Feb 21, 2017.
             Was a High Priest of Okawaru.
             Killed from afar by an orc sorcerer (21 damage)
             ... with a bolt of negative energy
             ... on level 2 of the Orcish Mines.
             The game lasted 00:32:29 (11114 turns).

galech the Grappler (Troll Monk)                   Turns: 11114, Time: 00:32:30

Health: -1/110     AC:  9    Str: 27    XL:     11   Next: 99%
Magic:  9/15       EV: 19    Int:  8    God:    Okawaru [*****.]
Gold:   829        SH:  4    Dex: 12    Spells: 0 memorised, 10 levels left

rFire  . . .     SeeInvis +       - Unarmed
rCold  + . .     Gourm    +     T - +2 robe {rC+}
rNeg   . . .     Faith    .     (no shield)
rPois  +         Spirit   .     w - +1 hat
rElec  +         Reflect  .     h - +0 cloak
rCorr  .         Harm     .     (gloves unavailable)
MR     .....                    (boots unavailable)
Stlth  +++.......               (no amulet)
                                q - +3 ring of strength
                                o - +3 ring of evasion

@: about to teleport, heroism, finesse, drained
A: unfitting armour, claws 3, large bone plates 1, see invisible, blink, clever
1, fast metabolism 3, gourmand, poison resistance, regeneration 1, shaggy fur 1,
electricity resistance, tough skin 2, subdued magic 1, sturdy frame 1
a: Blink, Heroism, Finesse, Renounce Religion


You were on level 2 of the Orcish Mines.
You worshipped Okawaru.
Okawaru was extremely pleased with you.
You were completely stuffed.

You visited 2 branches of the dungeon, and saw 13 of its levels.
You also visited: Sewer.

You collected 1193 gold pieces.
You spent 364 gold pieces at shops.

Inventory:

Hand Weapons
 N - the +7 hand axe of Dafom {flame, rPois rC+++ rN+ MR-}
   (You found it on level 8 of the Dungeon)

   It has been specially enchanted to burn those struck by it, causing extra
   injury to most foes and up to half again as much damage against particularly
   susceptible opponents.
   Big, fiery blades are also staple armaments of hydra-hunters.
   It renders you almost immune to cold.
   It protects you from poison.
   It protects you from negative energy.
   It affects your resistance to hostile enchantments.
 Y - the +9 mace "Juzxig" {drain, rF+ Dex+4}
   (You found it on level 10 of the Dungeon)

   A truly terrible weapon, it drains the life of those it strikes.
   It affects your dexterity (+4).
   It protects you from fire.
Armour
 h - a +0 cloak (worn)
 w - a +1 hat (worn)
 E - a +0 robe of fire resistance
 T - a +2 robe of cold resistance (worn)
Jewellery
 o - a +3 ring of evasion (left claw)
 q - a +3 ring of strength (right claw)
 G - an uncursed ring of protection from fire
 W - an uncursed ring of stealth
Scrolls
 a - 2 scrolls of brand weapon {unknown}
 f - 4 scrolls of remove curse
 i - 3 scrolls of fog
 m - 2 scrolls of magic mapping
 r - a scroll of blinking
 s - 3 scrolls of amnesia
 u - 4 scrolls of teleportation
 v - a scroll of random uselessness
 z - a scroll of enchant armour
 B - a scroll of recharging
 F - a scroll of noise {unknown}
 J - a scroll of enchant weapon {unknown}
 R - a scroll of summoning
 V - a scroll of immolation {unknown}
 X - 3 scrolls of acquirement {unknown}
Potions
 c - 3 potions of cancellation
 d - 2 potions of heal wounds
 e - 5 potions of curing
 g - 4 potions of agility {unknown}
 k - 4 potions of degeneration {unknown}
 l - a potion of resistance
 p - 2 potions of lignification
 A - a potion of ambrosia
 C - a potion of brilliance
 H - a potion of haste
 I - a potion of flight
 U - a potion of might
Comestibles
 b - 7 bread rations
 j - 3 fruits
 n - 2 beef jerkies
 t - 3 slices of pizza
 x - 3 chunks of flesh
 D - 3 meat rations


   Skills:
 + Level 7.7(12.0) Fighting
 + Level 8.1(12.4) Dodging
 - Level 1.3(5.7) Stealth
 * Level 12.7(16.9) Unarmed Combat
 + Level 7.3(6.7) Invocations


You had 10 spell levels left.
You didn't know any spells.

Dungeon Overview and Level Annotations

Branches:
Dungeon (11/15)            Temple (0/1) D:4            Lair (0/6) D:10
    Orc (2/2) D:9             Elf (0/3) Orc:2

Altars:
Cheibriados
Gozag
Okawaru
Qazlal
Ru
Uskayaw
Xom

Shops:
D:4 *   D:11 *   Orc:2 [[


Innate Abilities, Weirdness & Mutations

You are too large for most types of armour.
You have claws for hands.
Your metabolism is lightning-fast.
You like to eat raw meat.
Your natural rate of healing is unusually fast.
You are covered in fur. (AC +1)
You have very tough skin. (AC +2)
You are partially covered in large bone plates. (SH +4)
You have supernaturally acute eyesight. (SInv)
You can translocate small distances at will.
Your mind is acute. (Int +2)
Your system is resistant to poisons. (rPois)
You are resistant to electric shocks. (rElec)
Your spells are a little easier to cast, but a little less powerful.
Your movements are slightly less encumbered by armour. (ER -2)


Message History

The sixfirhy closely misses you. x2; The orange demon misses you. x2
You eviscerate the sixfirhy!!!
You kill the sixfirhy!
The orc knight hits you from afar with a glaive!!
* * * LOW HITPOINT WARNING * * *
The orc sorcerer casts a spell at you. The bolt of fire misses you.
The orc high priest intones a terrible prayer.
The orc high priest hits you from afar with a halberd!
* * * LOW HITPOINT WARNING * * *
You hear a shout!
The orange demon stings you from afar.
* * * LOW HITPOINT WARNING * * *
As you read the scroll of teleportation, it crumbles to dust.
You feel strangely unstable. You block the orange demon's attack.
The orc sorcerer points at you and mumbles some strange words.
The bolt of negative energy hits the orange demon.
The orange demon completely resists.
The bolt of negative energy hits you!
You feel drained.
You die...

#.###.......#.#..
..#####.##.............
.............#.........
.#####.##......(......
o..##.##.............
o..##.##.....#.......
o..##.##.......[<([.. #. #
##..##.)##.............
#∩.#.##...##@###..........[..
#...ooo.##..# #.#.....[##...
#.oo.)##4.## #......#.#....
#####oo..## #.........#...
###### #..#..........
####.#...........
#................
...#.............
#.####...........


You could see an orange demon and an orc sorcerer.

Vanquished Creatures
  Erica (D:8)
  3 orc high priests
  2 hill giants
  An orc knight (Orc:2)
  An orc sorcerer (Orc:2)
  2 cyclopes
  A troll (D:10)
  Grinder (D:3)
  A hippogriff (D:11)
  Sigmund (D:4)
  A wraith (D:10)
  9 yaks
  2 wyverns (D:10)
  2 hungry ghosts (D:9)
  2 wargs
  Edmund (D:5)
  15 orc warriors
  2 black bears
  3 sky beasts
  A hornet zombie (D:6)
  4 ice beasts
  A necrophage (D:6)
  4 ogres
  3 centaurs
  3 phantoms
  A big kobold (D:7)
  6 bullfrogs
  A gnoll sergeant (D:9)
  3 scorpions
  4 killer bees
  3 howler monkeys (D:11)
  5 crimson imps
  A bullfrog zombie (D:5)
  3 centaur zombies
  A quasit (D:8)
  13 orc priests
  7 hounds
  A jelly (D:10)
  25 orc wizards
  2 bullfrog skeletons
  A centaur skeleton (D:10)
  A gnoll shaman (D:5)
  5 iguanas
  8 worker ants
  A killer bee zombie (D:9)
  2 hound zombies
  A worker ant zombie (D:8)
  Robin (D:4)
  20 adders
  11 gnolls
  A river rat (D:3)
  5 shadow imps
  13 oozes
  An adder skeleton (D:9)
  5 worms
  2 dart slugs
  16 leopard geckos
  66 orcs
  14 ball pythons
  7 bats
  9 giant cockroaches
  16 goblins
  7 hobgoblins
  4 jackals
  4 quokkas
  A ball python skeleton (D:4)
  18 frilled lizards
  16 kobolds
  2 quokka skeletons (D:5)
  8 rats
409 creatures vanquished.

Notes
Turn   | Place    | Note
-------+----------+-------------------------------------------
     0 | D:1      | galech the Troll Monk began the quest for the Orb.
     0 | D:1      | Reached XP level 1. HP: 22/22 MP: 0/0
   163 | D:1      | Reached XP level 2. HP: 28/29 MP: 1/1
   758 | D:2      | Reached XP level 3. HP: 36/36 MP: 2/2
  1131 | D:2      | Reached XP level 4. HP: 40/44 MP: 3/3
  1473 | D:2      | Reached skill level 4 in Unarmed Combat
  1795 | D:3      | Found a glowing drain.
  1842 | Sewer    | Entered a sewer
  1887 | Sewer    | Reached XP level 5. HP: 53/53 MP: 4/4
  2091 | Sewer    | Reached skill level 5 in Unarmed Combat
  2196 | Sewer    | Reached XP level 6. HP: 43/61 MP: 5/5
  2578 | D:3      | Found a shimmering altar of Xom.
  2578 | D:3      | Found an iron altar of Okawaru.
  2582 | D:3      | Became a worshipper of Warmaster Okawaru
  2582 | D:3      | Reached * piety under Okawaru
  2582 | D:3      | Reached ** piety under Okawaru
  2811 | D:3      | Found a stormy altar of Qazlal.
  2813 | D:3      | Noticed a water elemental
  2814 | D:3      | Noticed a fire elemental
  2814 | D:3      | Noticed an air elemental
  3016 | D:3      | Found a snail-covered altar of Cheibriados.
  3377 | D:4      | Reached skill level 6 in Unarmed Combat
  3425 | D:4      | Found a staircase to the Ecumenical Temple.
  3525 | D:4      | Found Opeimeso's General Store.
  3529 | D:4      | Bought a scroll of identify for 26 gold pieces
  3529 | D:4      | Bought a scroll of enchant armour for 97 gold pieces
  3529 | D:4      | Bought a potion of curing for 39 gold pieces
  3529 | D:4      | Bought a scroll of identify for 26 gold pieces
  3600 | D:4      | Reached XP level 7. HP: 67/67 MP: 6/6
  3639 | D:4      | Noticed Grinder
  3645 | D:4      | Noticed Sigmund
  3668 | D:3      | Killed Grinder
  3668 | D:3      | Reached skill level 1 in Invocations
  3748 | D:4      | Killed Sigmund
  3748 | D:4      | Reached skill level 7 in Unarmed Combat
  3801 | D:4      | Noticed Robin
  3849 | D:4      | Killed Robin
  4158 | D:4      | Found a hide-covered altar of Uskayaw.
  4301 | D:5      | Entered Level 5 of the Dungeon
  4318 | D:5      | Reached XP level 8. HP: 73/78 MP: 8/8
  4372 | D:5      | Reached *** piety under Okawaru
  4425 | D:5      | Noticed Edmund
  4435 | D:5      | Killed Edmund
  4773 | D:5      | Found an opulent altar of Gozag.
  4894 | D:6      | Found a sacrificial altar of Ru.
  4904 | D:6      | Reached skill level 5 in Dodging
  4915 | D:6      | Reached skill level 8 in Unarmed Combat
  4920 | D:6      | Gained mutation: Your spells are a little easier to cast, but a little less powerful. [mutagenic meat]
  4921 | D:6      | Gained mutation: You are partially covered in large bone plates. (SH +4) [mutagenic meat]
  4922 | D:6      | Gained mutation: You are resistant to electric shocks. (rElec) [mutagenic meat]
  5358 | D:6      | Reached XP level 9. HP: 79/87 MP: 10/10
  6055 | D:7      | Reached skill level 5 in Fighting
  6101 | D:7      | Reached **** piety under Okawaru
  6253 | D:7      | Reached skill level 9 in Unarmed Combat
  6878 | D:8      | Got a translucent hand axe
  6879 | D:8      | Identified the +7 hand axe of Dafom {flame, rPois rC+++ rN+ MR-} (You found it on level 8 of the Dungeon)
  7143 | D:8      | Noticed Erica
  7155 | D:8      | Killed Erica
  7155 | D:8      | Reached ***** piety under Okawaru
  7155 | D:8      | Reached skill level 10 in Unarmed Combat
  7155 | D:8      | Reached XP level 10. HP: 64/98 MP: 12/12
  7232 | D:8      | Reached skill level 5 in Invocations
  7476 | D:8      | Received a gift from Okawaru
  7717 | D:9      | Found a staircase to the Orcish Mines.
  7880 | D:9      | Noticed a cyclops
  7891 | D:9      | Killed a cyclops
  8133 | D:10     | Entered Level 10 of the Dungeon
  8172 | D:10     | Got a crude mace
  8174 | D:10     | Identified the +9 mace "Juzxig" {drain, rF+ Dex+4} (You found it on level 10 of the Dungeon)
  8200 | D:10     | Gained mutation: Your mind is acute. (Int +2) [mutagenic meat]
  8201 | D:10     | Gained mutation: You can translocate small distances at will. [mutagenic meat]
  8355 | D:10     | Found a staircase to the Lair.
  8422 | D:10     | Reached skill level 11 in Unarmed Combat
  8741 | D:10     | Noticed a hill giant
  8747 | D:10     | Killed a hill giant
  8747 | D:10     | Reached XP level 11. HP: 80/107 MP: 14/14
  9413 | D:11     | Found Nuompar's Assorted Antiques.
  9458 | D:11     | Bought a potion of mutation for 80 gold pieces
  9458 | D:11     | Bought a potion of curing for 96 gold pieces
  9458 | D:11     | Gained mutation: You have supernaturally acute eyesight. (SInv) [potion of mutation]
  9458 | D:11     | Gained mutation: Your system is resistant to poisons. (rPois) [potion of mutation]
  9459 | D:11     | Gained mutation: Your muscles are strong. (Str +2) [potion of mutation]
  9459 | D:11     | Gained mutation: Your movements are slightly less encumbered by armour. (ER -2) [potion of mutation]
  9459 | D:11     | Lost mutation: Your muscles are strong. (Str +2) [potion of mutation]
  9715 | D:11     | Noticed a hill giant
  9727 | D:11     | Killed a hill giant
  9731 | D:11     | Reached skill level 12 in Unarmed Combat
  9889 | Orc:1    | Entered Level 1 of the Orcish Mines
  9905 | D:9      | Received a gift from Okawaru
 10095 | Orc:2    | Entered Level 2 of the Orcish Mines
 10100 | Orc:2    | Noticed an orc high priest
 10102 | Orc:2    | Noticed an orc sorcerer
 10405 | Orc:2    | Noticed a sun demon
 10543 | Orc:2    | Noticed a soul eater
 10545 | Orc:2    | Killed an orc sorcerer
 10554 | Orc:1    | Killed an orc high priest
 10554 | Orc:1    | Received a gift from Okawaru
 10716 | Orc:2    | Found a staircase to the Elven Halls.
 10738 | Orc:1    | Noticed an orc warlord
 10738 | Orc:1    | Noticed a stone giant
 10915 | Orc:2    | Found Roejy's Armour Shoppe.
 11061 | Orc:2    | Noticed an orc sorcerer
 11079 | Orc:2    | Noticed an orc high priest
 11079 | Orc:2    | Noticed an orc high priest
 11080 | Orc:2    | Found Musemp's Armour Shoppe.
 11083 | Orc:2    | Killed an orc high priest
 11085 | Orc:2    | Noticed an orc knight
 11085 | Orc:2    | Killed an orc high priest
 11089 | Orc:2    | Noticed an orc knight
 11089 | Orc:2    | Noticed an orc high priest
 11089 | Orc:2    | Noticed an orc knight
 11098 | Orc:2    | Killed an orc knight
 11104 | Orc:2    | Noticed an orc knight
 11104 | Orc:2    | Noticed a sixfirhy
 11114 | Orc:2    | Killed from afar by an orc sorcerer

Skill      XL: |  1  2  3  4  5  6  7  8  9 10 11 |
---------------+----------------------------------+-----
Unarmed Combat | 4 5 6 7 8 10 11 12 | 12.7
Dodging        | 3 4 5 6 7 8 |  8.1
Fighting       | 3 4 5 6 7 |  7.7
Invocations    | 2 3 4 6 7 |  7.3
Stealth        | |  1.3

Action                   |  1- 3 |  4- 6 |  7- 9 | 10-12 || total
-------------------------+-------+-------+-------+-------++-------
Melee: Unarmed           |   103 |   265 |   342 |   457 ||  1167
       Punch             |     2 |     4 |    11 |    21 ||    38
Invok: Heroism           |       |       |     4 |     6 ||    10
       Finesse           |       |       |       |     3 ||     3
  Use: Scroll            |     3 |    10 |     2 |     7 ||    22
       Potion            |       |       |       |     2 ||     2
 Stab: Sleeping          |     2 |     8 |     3 |     1 ||    14
  Eat: Chunk             |    16 |    23 |    36 |    46 ||   121
Armor: Robe              |    42 |    61 |    66 |    92 ||   261
Dodge: Dodged            |    42 |   190 |   204 |   319 ||   755
Block: Other             |       |       |    29 |    84 ||   113
